 Dungeon Crawl Stone Soup version 0.24-a0-487-g57318f2ed0 (webtiles) character file.

Game seed: 14058560605298999645

7 OctoZ the Vexing (level 1, 0/13 HPs)
             Began as a Mummy Enchanter on July 10, 2019.
             Slain by a jackal (1 damage)
             ... on level 1 of the Dungeon.
             The game lasted 00:00:44 (243 turns).

OctoZ the Vexing (Mummy Enchanter)                   Turns: 243, Time: 00:00:45

Health: 0/13       AC:  2    Str: 11    XL:     1   Next: 83%
Magic:  3/4        EV: 12    Int: 14    God:
Gold:   34         SH:  0    Dex: 12    Spells: 4/5 levels left

rFire    x . .     SeeInvis .   a - +1 dagger
rCold    + . .     Gourm    .   (no shield)
rNeg     + + +     Faith    .   b - +0 robe
rPois    ∞         Spirit   .   (no helmet)
rElec    .         Reflect  .   (no cloak)
rCorr    .         Harm     .   (no gloves)
MR       .....                  (no boots)
Stlth    ++........             (no amulet)
HPRegen  0.04/turn              (no ring)
MPRegen  0.09/turn              (no ring)

@: no status effects
A: no food or potions, fire vulnerability, cold resistance 1, negative energy
resistance 3, torment resistance, unbreathing
a: no special abilities


You were on level 1 of the Dungeon.
You were not hungry.

You visited 1 branch of the dungeon, and saw 1 of its levels.

You collected 34 gold pieces.

Inventory:

Hand Weapons
 a - a +1 dagger (weapon)
Armour
 b - a +0 robe (worn)
 d - a +0 buckler
Scrolls
 c - 2 scrolls of identify {unknown}
 e - a scroll of magic mapping {unknown}
 f - a scroll of enchant armour {unknown}


   Skills:
 - Level 0.7 Short Blades
 - Level 1.5 Dodging
 - Level 2.4 Stealth
 - Level 2.6 Spellcasting
 + Level 3.1 Hexes


You had 4 spell levels left.
You knew the following spells:

 Your Spells              Type           Power        Failure   Level  Hunger
a - Corona                Hex            ##.....      6%          1    N/A

Your spell library contained the following spells:

 Spells                   Type           Power        Failure   Level  Hunger
 Ensorcelled Hibernation  Hex/Ice        #.....       17%         2    N/A
 Confuse                  Hex            ##......     19%         3    N/A
 Tukima's Dance           Hex            ##......     19%         3    N/A
 Dazzling Spray           Conj/Hex       #.....       34%         3    N/A

Dungeon Overview and Level Annotations

Branches:
Dungeon (1/15)

Altars:

Annotations:
D:1 1 runed translucent door


Innate Abilities, Weirdness & Mutations

You do not eat or drink.
Your flesh is vulnerable to fire.
You are immune to poison.
Your flesh is cold resistant. (rC+)
You are immune to negative energy. (rN+++)
You are immune to unholy pain and torment.
You can survive without breathing.


Message History

Confirm with . or Enter, or press ? or * to list all spells.
Aiming: Corona (safe; 6% risk of failure)
Press: ? - help, Shift-Dir - straight line, f/p - jackal
Aim: a jackal (softly glowing, chance to defeat MR: 63%)
The jackal is outlined in light.
The jackal closely misses you.
You barely miss the jackal.
The jackal is moderately wounded.
The jackal bites you.
* * * LOW HITPOINT WARNING * * *
You hit the jackal.
The jackal is heavily wounded.
The jackal stops glowing.
The jackal closely misses you. x2
You hit the jackal but do no damage.
The jackal is heavily wounded.
The jackal bites you.
* * * LOW HITPOINT WARNING * * *
You hit the jackal.
The jackal is severely wounded.
The jackal bites you.
You die...

..#########........#......#
...................#......#
..#....####...............#
....####.................[#
....##...##........#......#
....##.####.......(#.†....#
.......# #..#######.######
...########.#######..#.....
...............(@hh........
..#######.#########.##.....
...# ####.# #.# ....# ...#
#....# #.# #### ...# #.####
#.. ...###.######. ..#
....)......... ...
..####.####... .## .## ##.#


You could see 2 jackals.

Vanquished Creatures
  A leopard gecko (D:1)
  A bat (D:1)
  A hobgoblin (D:1)
  A frilled lizard (D:1)
  A kobold (D:1)
  A rat (D:1)
6 creatures vanquished.

Notes
Turn   | Place    | Note
-------+----------+-------------------------------------------
     0 | D:1      | OctoZ the Mummy Enchanter began the quest for the Orb.
     0 | D:1      | Reached XP level 1. HP: 13/13 MP: 4/4
     1 | D:1      | Found a runed translucent door.
    92 | D:1      | Reached skill level 3 in Hexes
   243 | D:1      | Slain by a jackal

Levels and vault maps discovered:
D:1:      dpeg_arrival_caged_fury, layout_rooms, minivault_27

Skill      XL: |  1 |
---------------+----+-----
Hexes          | 3 |  3.1
Short Blades   | |  0.7
Dodging        | |  1.5
Stealth        | |  2.4
Spellcasting   | |  2.6

Action                   || total
-------------------------++-------
Melee: Dagger            ||    37
 Cast: Corona            ||     9
Armor: Robe              ||    10
Dodge: Dodged            ||    35

Table legend:
 A = Non-vault XP
 B = Vault XP
 C = Vault XP percentage of total XP
 D = Non-vault monster count
 E = Vault monster count
 F = Vault count percentage of total count
                 A         B        C        D         E       F
            +---------+---------+-------+---------+---------+-------
      Total |      10 |       0 |   0.0 |       6 |       0 |   0.0
            +---------+---------+-------+---------+---------+-------
        D:1 |      10 |       0 |   0.0 |       6 |       0 |   0.0
            +---------+---------+-------+---------+---------+-------
